 Dungeon Crawl Stone Soup version 0.25.0-33-gff14898 (webtiles) character file.

Game seed: 5087622666858732797

64707 robertstho the Eclecticist (level 14, -3/75 HPs)
             Began as a Deep Elf Fire Elementalist on July 7, 2020.
             Was an Elder of Sif Muna.
             Slain by an orc knight
             ... wielding a +3 great sword
              (21 damage)
             ... on level 13 of the Dungeon.
             The game lasted 01:36:53 (30375 turns).

robertstho the Eclecticist (DEFE)                  Turns: 30375, Time: 01:36:53

Health: -3/75      AC: 13    Str:  5    XL:     14   Next: 72%
Magic:  36/36      EV: 16    Int: 26    God:    Sif Muna [****..]
Gold:   1061       SH:  0    Dex: 15    Spells: 20/45 levels left

rFire    + . .     SeeInvis +   E - +10 lance "Wyrmbane" {slay drac, rPois rF+ rC+ AC+3}
rCold    + + +     Gourm    .   (no shield)
rNeg     . . .     Faith    .   L - +1 robe "Puyfre" {*Corrode rC++}
rPois    +         Spirit   .   d - +2 helmet {SInv}
rElec    .         Reflect  .   r - scarf {+Inv}
rCorr    .         Harm     .   R - +3 pair of gauntlets of War {Slay+5}
MR       +....                  (no boots)
Stlth    +++.......             x - amulet of magic regeneration
HPRegen  0.22/turn              l - +4 ring of protection
MPRegen  0.50/turn              G - ring of wizardry

@: corroded
A: no striking features
a: Channel Magic, Forget Spell, Divine Exegesis, Renounce Religion, Evoke
Invisibility


You were on level 13 of the Dungeon.
You worshipped Sif Muna.
Sif Muna was greatly pleased with you.
You were not hungry.

You visited 5 branches of the dungeon, and saw 24 of its levels.
You also visited: Sewer, Gauntlet and Ice Cave.

You collected 3559 gold pieces.
You spent 2498 gold pieces at shops.

Inventory:

Hand Weapons
 E - the +10 lance "Wyrmbane" (weapon) {slay drac, rPois rF+ rC+ AC+3}
   (You took it off Maggie on level 1 of the Lair of Beasts)

   It affects your AC (+3).
   It protects you from fire.
   It protects you from cold.
   It protects you from poison.
 Z - the +3 war axe of Darkness {vorpal, rElec SInv}
   (You found it on level 1 of the Lair of Beasts)

   It inflicts extra damage upon your enemies.
   It insulates you from electricity.
   It lets you see invisible.
Missiles
 q - 4 throwing nets (quivered)
 Q - 14 silver javelins
 W - 7 curare-tipped darts
Armour
 d - a +2 helmet of see invisible (worn)
 r - a scarf of invisibility (worn)
 D - a +2 robe of fire resistance
 L - the +1 robe "Puyfre" (worn) {*Corrode rC++}
   (You bought it in a shop on level 2 of the Orcish Mines)

   It greatly protects you from cold.
   It may corrode you when you take damage.
 R - the +3 pair of gauntlets of War (worn) {Slay+5}
   (You bought it in a shop on level 2 of the Orcish Mines)

   It affects your accuracy and damage with ranged weapons and melee attacks
   (+5).
 X - +0 acid dragon scales
 Y - +0 steam dragon scales
Jewellery
 l - a +4 ring of protection (left hand)
 x - an amulet of magic regeneration (around neck)
 z - an uncursed amulet of regeneration
 G - a ring of wizardry (right hand)
 J - an uncursed ring of protection from cold
 M - an uncursed ring of flight
 T - a +4 ring of protection
Wands
 t - a wand of digging (6)
 H - a wand of iceblast (23)
 K - a wand of clouds (7)
 U - a wand of disintegration (30)
 V - a wand of acid (7)
Scrolls
 a - 4 scrolls of enchant armour
 e - 9 scrolls of remove curse
 g - 2 scrolls of holy word {unknown}
 j - 8 scrolls of magic mapping
 m - a scroll of summoning {unknown}
 o - 4 scrolls of blinking {unknown}
 s - 3 scrolls of immolation
 u - 11 scrolls of teleportation
 w - 5 scrolls of fog
 F - a scroll of torment {unknown}
Potions
 b - 4 potions of haste
 f - a potion of lignification
 h - 3 potions of mutation
 k - 14 potions of curing
 n - 4 potions of cancellation
 p - 3 potions of brilliance
 v - a potion of might
 A - 5 potions of flight
 B - a potion of invisibility
 N - a potion of ambrosia
 O - 4 potions of resistance
 P - 4 potions of stabbing
 S - 2 potions of magic
Comestibles
 c - 29 rations
 i - 3 chunks of flesh


   Skills:
 + Level 3.7 Fighting
   Level 4.9 Long Blades
 - Level 0.4(2.5) Axes
   Level 1.6(1.7) Maces & Flails
 + Level 3.1(3.2) Polearms
 * Level 4.9 Armour
 + Level 6.7 Dodging
 + Level 6.5 Stealth
 * Level 16.0 Spellcasting
 * Level 12.9 Conjurations
 + Level 0.7 Summonings
 * Level 13.3 Fire Magic
 + Level 0.1 Air Magic
 + Level 1.2 Earth Magic
 * Level 10.1 Invocations


You had 20 spell levels left.
You knew the following spells:

 Your Spells              Type           Power        Failure   Level  Hunger
a - Foxfire               Conj/Fire      ####         0%          1    None
b - Conjure Flame         Conj/Fire      ######..     1%          3    None
c - Blink                 Tloc           N/A          1%          2    None
d - Call Imp              Summ           ###.....     1%          2    None
e - Sticky Flame          Conj/Fire      ######..     1%          4    None
f - Mephitic Cloud        Conj/Pois/Air  #####...     1%          3    None
g - Fireball              Conj/Fire      ######....   1%          5    None
h - Bolt of Magma         Conj/Fire/Erth ######....   1%          5    None

Your spell library contained the following spells:

 Spells                   Type           Power        Failure   Level  Hunger
 Magic Dart               Conj           ####         0%          1    None
 Corona                   Hex            ###....      1%          1    None
 Shock                    Conj/Air       ####         1%          1    None
 Ensorcelled Hibernation  Hex/Ice        ###...       1%          2    None
 Slow                     Hex            ###.....     1%          2    None
 Swiftness                Chrm/Air       ###.....     1%          2    None
 Dazzling Flash           Conj/Hex       ######       1%          3    None
 Ignite Poison            Fire/Tmut/Pois #####...     1%          3    None
 Inner Flame              Hex/Fire       ######..     1%          3    None
 Static Discharge         Conj/Air       ######..     1%          3    None
 Fulminant Prism          Conj/Hex       ######....   1%          4    None
 Hailstorm                Conj/Ice       ######..     1%          4    None
 Irradiate                Conj/Tmut      ######....   1%          5    None
 Iskenderun's Battlesphe  Conj/Chrm      ######..     1%          5    None
 Lightning Bolt           Conj/Air       ######....   1%          5    None
 Starburst                Conj/Fire      ######....   1%          6    ####...
 Confusing Touch          Hex            ###.....     3%          3    None
 Tukima's Dance           Hex            ###.....     3%          3    None
 Orb of Destruction       Conj           ######....   4%          7    #####..
 Iron Shot                Conj/Erth      ######....   9%          6    ####...
 Airstrike                Air            ###.......   10%         4    None
 Ice Form                 Ice/Tmut       ###.....     10%         4    None
 Conjure Ball Lightning   Conj/Air       ######....   11%         6    ####...
 Metabolic Englaciation   Hex/Ice        ###.......   26%         5    None
 Freezing Cloud           Conj/Ice/Air   #####.....   26%         6    ####...
 Ignition                 Fire           ######....   26%         8    #######
 Spellforged Servitor     Conj/Summ      ######....   43%         7    #####..
 Ring of Flames           Chrm/Fire      ######....   45%         7    #####..
 Ozocubu's Refrigeration  Ice            ###.......   80%         6    ####...
 Simulacrum               Ice/Necr       ###.......   80%         6    ####...
 Lehudib's Crystal Spear  Conj/Erth      ######....   96%         8    #######
 Fire Storm               Conj/Fire      ######....   98%         9    #######


Dungeon Overview and Level Annotations

Branches:
Dungeon (13/15)            Temple (1/1) D:5            Lair (6/6) D:8
  Swamp (2/4) Lair:2        Snake (0/4) Lair:4        Slime (0/5) Lair:5
    Orc (2/2) D:12            Elf (0/3) Orc:2        Vaults (0/5) D:13
  Sewer (visited)           IceCv (visited)         Gauntlet (visited)

Altars:
Ashenzari
Cheibriados
Dithmenos
Elyvilon
Fedhas
Gozag
Hepliaklqana
Kikubaaqudgha
Makhleb
Nemelex Xobeh
Okawaru
Qazlal
Ru
Sif Muna
Trog
Uskayaw
Vehumet
Wu Jian
Xom
Yredelemnul
Zin
The Shining One
Beogh
Jiyva

Shops:
D:8 *   D:12 *   Orc:2 *?([[

Annotations:
D:4 2 runed translucent doors, robertstho's ghost, novice DEAE
D:5 2 transporters, Gadfly's ghost, novice DEVM
D:6 3 runed translucent doors, hawla's ghost, novice MiFi
D:11 3 runed translucent doors, Vugaxizu's ghost, journeyman GnAM
D:13 Nessos; Rupert
Lair:2 Fannar
Lair:5 1 runed translucent door, Hinekiv's ghost, journeyman MiFi


Message History

You feel sick.
You are no longer poisoned.
There is a stone staircase leading down here.
You climb downwards.
Level annotation: Nessos; Rupert A polar bear comes into view.
The unseen horror closely misses you.
Nessos unwields a +3 longbow of flaming.
It stops flaming.
Nessos hits you! The human misses you. The human hits you.
The human closely misses you.
The orc knight roars a battlecry!
The orc goes into a battle-frenzy!
There is a stone staircase leading up, spattered with blood here.
The unseen horror misses you. Nessos barely misses you. The human hits you.
The orc barely misses you. The human hits you but does no damage.
The human misses you. The human hits you!
* * * LOW HITPOINT WARNING * * *
Your corrosive artefact corrodes you!
The orc knight hits you with a +3 great sword!!
You die...

..##.........
.............##
..............#
..............#.
#...............
#.....?Zp.......
#.......pp@.....
.....xppppp..#.
#....pc@pph.....
#.....poop...#..
#......pp.D..#
#............#
#..............
#...............
#..########.=#..
... ..#


You could see Rupert, Nessos, a seven-headed hydra, an orc knight, a polar bear,
an unseen horror (invisible), 15 humans, an orc (strong) and a centaur warrior
skeleton.

Vanquished Creatures
  An orc warlord (Orc:2)
  A minotaur (Gauntlet)
  A fire dragon (Lair:6)
  Harold (D:7)
  5 hydras
  6 death yaks
  3 two-headed ogres
  3 alligators (Swamp:1)
  Sonja (Lair:6)
  Urug (D:12)
  Nergalle (Lair:4)
  An unseen horror (D:11)
  Pikel (D:4)
  A lindwurm (Lair:6)
  A necromancer (IceCv)
  An orc knight (Orc:2)
  2 ugly things
  A cyclops (Orc:2)
  3 orc sorcerers
  Joseph (D:8)
  5 elephants (Lair:4)
  3 ice statues (IceCv)
  2 molten gargoyles (Lair:6)
  A torpor snail (Gauntlet)
  7 black mambas
  9 spiny frogs
  10 komodo dragons
  Maggie (Lair:1)
  3 centaur skeletons
  A rime drake (Lair:6)
  6 ice devils (IceCv)
  Prince Ribbit (D:5)
  4 trolls
  6 hornets
  Grinder (D:5)
  2 polar bears
  A tyrant leech (Swamp:1)
  5 blink frogs (Lair:1)
  A bog body (Swamp:1)
  5 hippogriffs
  3 centaur simulacra
  39 yaks
  3 spriggans (Swamp:1)
  A shadow (D:11)
  A water elemental (D:12)
  Eustachio (D:4)
  A vampire (D:11)
  3 steam dragons
  6 wyverns
  3 basilisks (Lair:6)
  A human (D:12)
  3 hungry ghosts
  A naga (Lair:4)
  8 insubstantial wisps
  5 swamp worms
  3 wargs
  An acid dragon (D:12)
  2 hell hounds (Lair:6)
  2 soldier ants (D:8)
  10 water moccasins
  9 porcupines
  28 orc warriors
  7 sky beasts
  A phantom (D:4)
  4 ice beasts
  A slave (D:3)
  A black bear (D:11)
  11 ogres
  3 wolves (Lair:2)
  5 centaurs
  18 crocodiles
  3 big kobolds
  Blork the orc (D:4)
  A small abomination (Gauntlet)
  A gnoll sergeant (Orc:1)
  14 bullfrogs
  A wyvern zombie (D:12)
  4 killer bees (D:9)
  3 scorpions
  14 wights
  2 howler monkeys
  2 electric eels (D:12)
  6 crimson imps
  4 lava snakes (Lair:6)
  2 bullfrog zombies
  A quasit (D:9)
  2 hounds
  23 orc priests
  A wyvern simulacrum (Gauntlet)
  9 jellies
  27 orc wizards
  A draconian simulacrum (IceCv)
  A bullfrog skeleton (D:11)
  Terence (D:2)
  6 worker ants
  5 iguanas
  7 troll simulacra (IceCv)
  2 hound zombies
  2 worker ant zombies
  8 gnolls
  14 adders
  An ogre simulacrum (IceCv)
  4 shadow imps
  7 oozes
  2 adder skeletons
  6 worms
  2 dart slugs
  5 leopard geckos
  94 orcs
  3 ball pythons (Sewer)
  10 bats
  10 giant cockroaches
  6 goblins
  4 hobgoblins
  7 jackals
  37 kobolds
  5 quokkas
  9 frilled lizards
  7 rats
  3 fungi
685 creatures vanquished.

Vanquished Creatures (collateral kills)
  Edmund (D:4)
  A hell hound (Lair:6)
  An orc (D:4)
  2 goblins
  A ball python (D:4)
6 creatures vanquished.

Vanquished Creatures (others)
  An iguana (D:4)
  2 orcs (D:4)
  2 jackals (D:4)
  21 demonic plants (Gauntlet)
  750 foxfires
  14 fungi
  21 plants
811 creatures vanquished.

Grand Total: 1502 creatures vanquished

Notes
Turn   | Place    | Note
-------+----------+-------------------------------------------
     0 | D:1      | robertstho the Deep Elf Fire Elementalist began the quest
                  | for the Orb.
     0 | D:1      | Reached XP level 1. HP: 10/10 MP: 6/6
   335 | D:1      | Reached XP level 2. HP: 15/15 MP: 6/8
   995 | D:2      | Reached XP level 3. HP: 2/19 MP: 0/10
  1447 | D:2      | Reached XP level 4. HP: 24/24 MP: 7/11
  1537 | D:2      | Noticed Terence
  1571 | D:2      | Killed Terence
  1571 | D:2      | Reached skill level 4 in Spellcasting
  1914 | D:2      | Found an ancient bone altar of Kikubaaqudgha.
  2423 | D:3      | Reached XP level 5. HP: 28/28 MP: 9/13
  2536 | D:3      | Reached skill level 5 in Fire Magic
  2952 | D:4      | Noticed a slave
  2962 | D:4      | Noticed Pikel
  2962 | D:4      | Noticed a slave
  2962 | D:4      | Noticed a slave
  2962 | D:4      | Noticed a slave
  3023 | D:3      | Killed a slave
  3065 | D:3      | Learned a level 3 spell: Conjure Flame
  3068 | D:3      | Learned a level 2 spell: Blink
  3071 | D:3      | Learned a level 2 spell: Call Imp
  3220 | D:4      | Noticed Edmund
  3228 | D:4      | Noticed an ogre
  3231 | D:4      | Killed Edmund
  3231 | D:4      | Reached skill level 5 in Spellcasting
  3241 | D:4      | Killed an ogre
  3241 | D:4      | Reached XP level 6. HP: 24/32 MP: 3/16
  3405 | D:4      | Found a glowing drain.
  3417 | Sewer    | Entered a sewer
  3608 | Sewer    | Reached skill level 6 in Spellcasting
  4369 | D:4      | Found a large runed translucent door.
  4369 | D:4      | Found a large runed translucent door.
  4370 | D:4      | Noticed robertstho's ghost (novice DEAE)
  4415 | D:4      | Learned a level 4 spell: Sticky Flame
  4419 | D:4      | Learned a level 3 spell: Mephitic Cloud
  4507 | D:4      | Noticed Blork the orc
  4533 | D:4      | Killed Blork the orc
  4533 | D:4      | Reached XP level 7. HP: 22/36 MP: 4/18
  4704 | D:4      | Killed Pikel
  4704 | D:4      | Reached skill level 7 in Spellcasting
  4956 | D:4      | Noticed Eustachio
  4969 | D:4      | Killed Eustachio
  4969 | D:4      | Reached skill level 8 in Spellcasting
  4969 | D:4      | Reached skill level 5 in Conjurations
  4969 | D:4      | Reached XP level 8. HP: 37/42 MP: 9/22
  5362 | D:5      | Entered Level 5 of the Dungeon
  5420 | D:5      | Found a glowing golden altar of the Shining One.
  5424 | D:5      | Noticed Prince Ribbit
  5552 | D:5      | Found a staircase to the Ecumenical Temple.
  5571 | Temple   | Entered the Ecumenical Temple
  5862 | Temple   | Became a worshipper of Sif Muna the Loreminder
  6052 | D:5      | Noticed Gadfly's ghost (novice DEVM)
  6105 | D:5      | Killed Prince Ribbit
  6105 | D:5      | Reached skill level 1 in Maces & Flails
  6105 | D:5      | Reached skill level 1 in Invocations
  6285 | D:5      | Found a sparkling altar of Nemelex Xobeh.
  6336 | D:5      | Noticed Grinder
  6387 | D:5      | Found a transporter.
  6423 | D:5      | Killed Grinder
  6423 | D:5      | Reached skill level 1 in Fighting
  6423 | D:5      | Reached skill level 9 in Spellcasting
  6553 | D:5      | Found a transporter.
  6726 | D:6      | Reached XP level 9. HP: 47/47 MP: 19/24
  6796 | D:6      | Found a glowing golden altar of the Shining One.
  6904 | D:6      | Got a bloodstained falchion
  6904 | D:6      | Identified the +8 falchion of Xaot {vorpal, Str+3} (You
                  | found it on level 6 of the Dungeon)
  7009 | D:6      | Found a runed translucent gate.
  7010 | D:6      | Found a runed translucent gate.
  7011 | D:6      | Found a runed translucent gate.
  7011 | D:6      | Noticed hawla's ghost (novice MiFi)
  7944 | D:7      | Reached * piety under Sif Muna
  8057 | D:7      | Noticed Harold
  8076 | D:7      | Killed Harold
  8076 | D:7      | Reached skill level 1 in Long Blades
  8076 | D:7      | Reached skill level 10 in Spellcasting
  8321 | D:7      | Found a glowing silver altar of Zin.
  8439 | D:7      | Found a basalt altar of Yredelemnul.
  8901 | D:7      | Reached ** piety under Sif Muna
  9349 | D:8      | Reached XP level 10. HP: 45/52 MP: 16/26
  9631 | D:8      | Found a shattered altar of Ashenzari.
  9654 | D:8      | Reached skill level 11 in Spellcasting
  9999 | D:8      | Found a staircase to the Lair.
 10133 | D:8      | Noticed Joseph
 10141 | D:8      | Killed Joseph
 10604 | D:8      | Found Isutupp's Lightly-Used Armoury.
 11030 | D:9      | Noticed a two-headed ogre
 11051 | D:9      | Killed a two-headed ogre
 11051 | D:9      | Reached skill level 5 in Stealth
 11168 | D:9      | Found an ornate altar of the Wu Jian Council.
 11180 | D:9      | Reached skill level 12 in Spellcasting
 11204 | D:9      | Reached *** piety under Sif Muna
 11354 | D:9      | You fall into a shaft and drop 3 floors!
 11379 | D:12     | Found a gate leading to a gauntlet.
 11389 | Gauntlet | Entered a Gauntlet
 11389 | Gauntlet | Found a large runed translucent door.
 11389 | Gauntlet | Found a large runed translucent door.
 11389 | Gauntlet | Found a large runed translucent door.
 11389 | Gauntlet | Found a large runed translucent door.
 11389 | Gauntlet | Found a large runed translucent door.
 11389 | Gauntlet | Found a large runed translucent door.
 11389 | Gauntlet | Found a large runed translucent door.
 11389 | Gauntlet | Found a large runed translucent door.
 11389 | Gauntlet | Found a runed translucent door.
 11389 | Gauntlet | Found a runed translucent gate.
 11389 | Gauntlet | Found a transporter.
 11389 | Gauntlet | Found a transporter.
 11389 | Gauntlet | Found a runed translucent gate.
 11389 | Gauntlet | Found a transporter.
 11389 | Gauntlet | Found a transporter.
 11389 | Gauntlet | Noticed a torpor snail
 11389 | Gauntlet | Noticed an obsidian statue
 11393 | Gauntlet | Found a transporter.
 11394 | Gauntlet | Found a runed translucent gate.
 11394 | Gauntlet | Found a runed translucent door.
 11402 | Gauntlet | Noticed an orange crystal statue
 11403 | Gauntlet | Found a transporter.
 11407 | Gauntlet | Found a transporter.
 11463 | Gauntlet | Found a large runed translucent door.
 11463 | Gauntlet | Found a large runed translucent door.
 11463 | Gauntlet | Found a large runed translucent door.
 11463 | Gauntlet | Found a large runed translucent door.
 11464 | Gauntlet | Found a large runed translucent door.
 11464 | Gauntlet | Found a large runed translucent door.
 11465 | Gauntlet | Found a large runed translucent door.
 11465 | Gauntlet | Found a large runed translucent door.
 11469 | Gauntlet | Found a transporter.
 11478 | Gauntlet | Noticed a large abomination
 11479 | Gauntlet | Found a transporter.
 11494 | Gauntlet | Found a transporter.
 11504 | Gauntlet | Found a transporter.
 11519 | Gauntlet | Found a transporter.
 11566 | Gauntlet | Learned a level 5 spell: Fireball
 11665 | Gauntlet | Killed a torpor snail
 11665 | Gauntlet | Reached skill level 5 in Invocations
 11668 | Gauntlet | Reached XP level 11. HP: 45/57 MP: 14/29
 11853 | Gauntlet | Reached skill level 10 in Fire Magic
 11978 | Gauntlet | Noticed a minotaur
 12003 | Gauntlet | Killed a minotaur
 12380 | D:12     | Noticed Urug
 12393 | D:12     | Killed Urug
 12498 | D:12     | Found Elumpo's Assorted Antiques.
 12509 | D:12     | Bought a scroll of identify for 58 gold pieces
 12692 | D:12     | Reached **** piety under Sif Muna
 13258 | D:12     | Found a staircase to the Orcish Mines.
 13651 | D:12     | Reached skill level 5 in Dodging
 13919 | D:11     | Noticed a white ugly thing
 13923 | D:11     | Killed a white ugly thing
 14119 | D:11     | Found a runed translucent gate.
 14119 | D:11     | Found a runed translucent gate.
 14120 | D:11     | Found a runed translucent gate.
 14190 | D:11     | Noticed a five-headed hydra
 14416 | D:11     | Killed a five-headed hydra
 14416 | D:11     | Reached skill level 1 in Armour
 14589 | D:11     | Noticed an unseen horror
 14595 | D:11     | Killed an unseen horror
 14595 | D:11     | Reached XP level 12. HP: 62/62 MP: 25/30
 14639 | D:11     | Identified the +9 short sword of the Old World {venom,
                  | rPois rC- Str+3}
 14639 | D:11     | Noticed Vugaxizu's ghost (journeyman GnAM)
 14799 | D:11     | You fall into a shaft and drop 1 floor!
 15075 | D:10     | Entered Level 10 of the Dungeon
 15103 | D:10     | Reached ***** piety under Sif Muna
 15103 | D:10     | Identified Sif Muna's Volume of Confrontation (Sif Muna
                  | gifted it to you on level 10 of the Dungeon)
 15103 | D:10     | Received a gift from Sif Muna
 15116 | D:10     | Noticed a two-headed ogre
 15119 | D:10     | Killed a two-headed ogre
 15119 | D:10     | Reached skill level 13 in Spellcasting
 15119 | D:10     | Reached skill level 10 in Conjurations
 16548 | Lair:1   | Entered Level 1 of the Lair of Beasts
 17126 | Lair:1   | Noticed a four-headed hydra
 17130 | Lair:1   | Killed a four-headed hydra
 17506 | Lair:1   | Got a dazzling war axe
 17506 | Lair:1   | Identified the cursed +3 war axe of Darkness {vorpal, rElec
                  | SInv} (You found it on level 1 of the Lair of Beasts)
 17529 | Lair:1   | Noticed Maggie
 17538 | Lair:1   | Killed Maggie
 18248 | Lair:2   | Reached skill level 14 in Spellcasting
 18358 | Lair:2   | Received a gift from Sif Muna
 18373 | Lair:2   | Found a staircase to the Swamp.
 18429 | Lair:2   | Reached XP level 13. HP: 68/68 MP: 27/33
 18459 | Lair:2   | Noticed Fannar
 19315 | Lair:3   | Found a frozen archway.
 19327 | IceCv    | Entered an ice cave
 19919 | IceCv    | Reached skill level 1 in Polearms
 19936 | IceCv    | Got an ancient trident
 19937 | IceCv    | Identified the cursed +1 trident of Accidental Termination
                  | {vorpal, MR+} (You found it in an ice cave)
 20910 | Lair:3   | Found a shattered altar of Ashenzari.
 21230 | Lair:4   | Found a staircase to the Snake Pit.
 21889 | Lair:4   | Noticed Nergalle
 21894 | Lair:4   | Killed Nergalle
 22465 | Lair:5   | Found a runed translucent door.
 22466 | Lair:5   | Found a runed translucent door.
 22466 | Lair:5   | Found a viscous altar of Jiyva.
 22466 | Lair:5   | Found a shimmering altar of Xom.
 22466 | Lair:5   | Noticed Hinekiv's ghost (journeyman MiFi)
 22466 | Lair:5   | Identified the +9 halberd of Purpose {chaos, +Inv SInv}
 22470 | Lair:5   | Found a staircase to the Slime Pits.
 23275 | Lair:6   | Entered Level 6 of the Lair of Beasts
 23301 | Lair:5   | Reached skill level 15 in Spellcasting
 23454 | Lair:6   | Identified Sif Muna's Collected Works on Battle Magic (Sif
                  | Muna gifted it to you on level 6 of the Lair of Beasts)
 23454 | Lair:6   | Received a gift from Sif Muna
 23841 | Lair:6   | Noticed Sonja
 24018 | Lair:6   | Killed Sonja
 24035 | Lair:6   | Reached XP level 14. HP: 56/74 MP: 22/35
 24197 | Lair:6   | Learned a level 5 spell: Bolt of Magma
 24770 | Lair:6   | Found a large runed translucent door.
 24771 | Lair:6   | Found a large runed translucent door.
 25792 | Orc:1    | Entered Level 1 of the Orcish Mines
 25953 | Orc:2    | Entered Level 2 of the Orcish Mines
 25953 | Orc:2    | Found Mixiuppuraurgh's Antique Armour Shop.
 25956 | Orc:2    | Bought a pair of runed gloves for 270 gold pieces
 26290 | Orc:2    | Found a staircase to the Elven Halls.
 26400 | Orc:2    | Found a roughly hewn altar of Beogh.
 26422 | Orc:2    | Found a roughly hewn altar of Beogh.
 26424 | Orc:2    | Found Ilidept's Magic Scroll Shop.
 26578 | Orc:2    | Noticed an orc warlord
 26604 | Orc:2    | Killed an orc warlord
 26627 | Orc:2    | Reached skill level 1 in Earth Magic
 26815 | Orc:2    | Found a roughly hewn altar of Beogh.
 26820 | Orc:2    | Found Atopelo's Assorted Antiques.
 26825 | Orc:2    | Bought a scroll of identify for 54 gold pieces
 26825 | Orc:2    | Bought a scroll of fog for 54 gold pieces
 26825 | Orc:2    | Bought a potion of curing for 81 gold pieces
 26942 | Orc:2    | Found a roughly hewn altar of Beogh.
 26951 | Orc:2    | Received a gift from Sif Muna
 27287 | Orc:2    | Bought a scroll of immolation for 35 gold pieces
 27287 | Orc:2    | Bought a scroll of identify for 20 gold pieces
 27287 | Orc:2    | Bought a scroll of teleportation for 30 gold pieces
 27287 | Orc:2    | Bought a scroll of identify for 20 gold pieces
 27287 | Orc:2    | Bought a scroll of noise for 10 gold pieces
 27287 | Orc:2    | Bought a scroll of teleportation for 30 gold pieces
 27289 | Orc:2    | Identified 3 scrolls of acquirement
 27391 | Orc:2    | Found a roughly hewn altar of Beogh.
 27440 | Orc:2    | Found a roughly hewn altar of Beogh.
 27566 | Orc:2    | Found a roughly hewn altar of Beogh.
 27774 | Orc:2    | Found Mecescho's Antique Armour Shop.
 27779 | Orc:2    | Found a roughly hewn altar of Beogh.
 27780 | Orc:2    | Found Nuxairgh's Antique Weapon Boutique.
 27793 | Orc:2    | Bought a heavily jewelled robe for 171 gold pieces
 27793 | Orc:2    | Bought the +3 pair of gauntlets of War {Slay+5} for 1425
                  | gold pieces
 27793 | Orc:2    | Found the +3 pair of gauntlets of War {Slay+5}
 27793 | Orc:2    | Bought an embroidered scarf for 240 gold pieces
 27809 | Orc:2    | Identified the +1 robe "Puyfre" {*Corrode rC++} (You bought
                  | it in a shop on level 2 of the Orcish Mines)
 28535 | Swamp:1  | Entered Level 1 of the Swamp
 28616 | Swamp:1  | Reached skill level 10 in Invocations
 29681 | Swamp:1  | Reached skill level 16 in Spellcasting
 30343 | D:13     | Found a gate to the Vaults.
 30343 | D:13     | Noticed Nessos
 30343 | D:13     | Noticed Rupert
 30375 | D:13     | Slain by an orc knight

Illustrated notes

Levels and vault maps discovered:
D:1:      dpeg_arrival_water_fire, layout_loops_ring
D:2:      layout_rooms, nicolae_overflow_hidden_temple, uniq_terence
D:3:      layout_basic, first_ration, hangedman_decor_diamond_cutter
D:4:      layout_cave_pools, ebering_ghost_disaster_area, portal_sewer_entry_f,
          lemuel_flame_loot_1, uniq_pikel, uniq_edmund, uniq_blork_the_orc,
          uniq_eustachio, uniq_crazy_yiuf_cottage
D:5:      layout_basic, overflow_temple_1_default, temple_fountains,
          gammafunk_ghost_gnarly_gnolls, nemelex_diamond_rough_becter,
          uniq_prince_ribbit1, uniq_grinder
D:6:      layout_loops_ring, basic_altar, gammafunk_ghost_nasty_kobolds
D:7:      kennysheep_kobold_camp, layout_basic, lemuel_crystal_altar,
          overflow_temple_1_default, uniq_harold
D:8:      layout_loops_corners, ashenzari_conservatory_becter, lair_entry_dummy,
          hangedman_pestilent_swarm, minmay_shop_damaged, hangedman_misty_isle,
          uniq_joseph
D:9:      layout_roguey, old_standard_altar, hangedman_decor_push
D:10:     layout_loops_ring
D:11:     layout_loops_ring, gammafunk_ghost_nasty_kobolds
D:12:     layout_long_grid, erik_orc_2, gauntlet_entry_generic, serial_shops,
          nicolae_shop_overgrown_old_shop, uniq_urug
D:13:     layout_basic, david_vaults_3, david_greed
Temple:   minmay_temple_bridge_d
Lair:1:   wander_river, layout_loops_ring, cheibrodos_lair_reptile_den,
          uniq_maggie
Lair:2:   layout_roguey, minmay_swamp_entry_reptiles, uniq_fannar
Lair:3:   layout_loops_ring, portal_ice_cave_entry_pillars_1, basic_altar,
          beast_lair_carwin_4
Lair:4:   layout_cave_pods, guppyfry_snake_entry_island, uniq_nergalle
Lair:5:   layout_gridlike, slime_altar_2, ebering_ghost_xom, serial_forest,
          infiniplex_forest_straight_2, infiniplex_forest_end_1,
          infiniplex_forest_join, infiniplex_forest_join
Lair:6:   cheibrodos_lair_end_hotspot, layout_cave_shapes, uniq_sonja
Swamp:1:  layout_basic_swamp, evilmike_swamp_ruin_rubble_1, swamp_pool1
Swamp:2:  layout_basic_swamp, gammafunk_ghost_berserking_beasts,
          nicolae_swamp_godswood, swamp_pool2
Orc:1:    layout_diamond_mine
Orc:2:    grunt_orc_community_town_hall, layout_caves,
          grunt_orc_community_big_house_1, grunt_orc_community_big_house_2,
          grunt_orc_community_house_3, grunt_orc_community_house_2,
          grunt_orc_community_house_3, grunt_orc_community_house_2,
          grunt_orc_community_house_3, serial_shops, shop

Skill      XL: |  1  2  3  4  5  6  7  8  9 10 11 12 13 14 |
---------------+-------------------------------------------+-----
Fire Magic     | 4 5 6 7 8 9 11 12 13 | 13.3
Spellcasting   | 4 5 6 8 9 10 12 14 15 16 | 16.0
Dodging        | 3 4 5 6 |  6.7
Conjurations   | 2 3 5 6 7 8 9 11 12 | 12.9
Stealth        | 3 4 5 6 |  6.5
Maces & Flails | 1 |  1.6
Invocations    | 2 4 5 6 8 9 10 | 10.1
Fighting       | 1 2 3 |  3.7
Long Blades    | 1 3 4 |  4.9
Armour         | 1 2 4 |  4.9
Polearms       | 2 3 |  3.1
Earth Magic    | 1 |  1.2
Axes           | |  0.4
Summonings     | |  0.7
Air Magic      | |  0.1

Action                   |  1- 3 |  4- 6 |  7- 9 | 10-12 | 13-15 || total
-------------------------+-------+-------+-------+-------+-------++-------
Melee: Unarmed           |     5 |       |       |       |       ||     5
       Trident           |       |     2 |       |    10 |       ||    12
       Flail             |       |     3 |    46 |       |       ||    49
       Falchion          |       |       |    48 |   251 |       ||   299
       Lance             |       |       |       |    20 |   381 ||   401
       War axe           |       |       |       |     2 |       ||     2
Throw: Dart              |       |       |       |     2 |       ||     2
 Cast: Foxfire           |    55 |   133 |   125 |   114 |    63 ||   490
       Call Imp          |       |     7 |       |       |     8 ||    15
       Mephitic Cloud    |       |     1 |       |     1 |     3 ||     5
       Sticky Flame      |       |       |    25 |   110 |   144 ||   279
       Fireball          |       |       |       |   101 |   142 ||   243
       Conjure Flame     |       |       |       |     1 |       ||     1
       Bolt of Magma     |       |       |       |       |    46 ||    46
Invok: Channel Magic     |       |       |       |     5 |    13 ||    18
Evoke: Wand              |       |       |       |     1 |       ||     1
  Use: Scroll            |     2 |     5 |     5 |     7 |    24 ||    43
       Potion            |       |       |       |     2 |     6 ||     8
 Stab: Sleeping          |       |       |     5 |    10 |     3 ||    18
       Confused          |       |       |       |     1 |       ||     1
       Distracted        |       |       |       |       |     3 ||     3
  Eat: Chunk             |     1 |    10 |    12 |    26 |    27 ||    76
       Ration            |       |       |     1 |     5 |     5 ||    11
Armor: Robe              |    15 |    12 |    41 |    45 |    33 ||   146
       Acid dragon scale |       |       |       |    97 |   189 ||   286
       Leather armour    |       |       |       |    16 |       ||    16
       Steam dragon scal |       |       |       |       |    53 ||    53
Dodge: Dodged            |    38 |    37 |   124 |   273 |   416 ||   888
       Rpst.: Falchion   |       |       |    19 |    67 |       ||    86
